 Dungeon Sprint DCSS version 0.29.1-1-gd02db6906a (webtiles) character file.

Game seed: 3820481366177314512

26431 Groucho the Acrobat (level 12, -9/63 HPs)
             Began as a Felid Monk on Oct 9, 2022.
             Was the Champion of Dithmenos.
             Killed from afar by a black draconian (44 damage)
             ... with a bolt of lightning
             ... in the Dungeon (Sprint VII: "The Pits") on Oct 10, 2022.
             The game lasted 00:28:53 (10185 turns).

Groucho the Acrobat (Felid Monk)                   Turns: 10185, Time: 00:28:53

Health: -9/63      AC:  3    Str: 16    XL:     12   Next: 98%
Magic:  23/30      EV: 46    Int: 11    God:    Dithmenos [******]
Gold:   32         SH:  0    Dex: 23    Spells: 17/37 levels left
                                        Lives:  0   Deaths: 2

rFire   . . .      SeeInvis +     - Unarmed
rCold   + . .      Faith    .   (shield unavailable)
rNeg    . . .      Spirit   .   (body armour unavailable)
rPois   .          Reflect  .   (helmet unavailable)
rElec   .          Harm     .   (cloak unavailable)
rCorr   .          Rampage  .   (gloves unavailable)
Will    +....      NoTele   +   (boots unavailable) Stlth *+++++++++
                                (no amulet)
HPRegen 0.20/turn               h - +3 ring of evasion
MPRegen 0.22/turn               f - +6 ring of strength

@: lethally poisoned (-9 -> -10), wreathed by umbra, quick
A: very small, claws 1, fangs 3, see invisible, speed 1, shaggy fur 3, stealthy
paws, no weapons or thrown items, no armour, multi-lived, agile 1, frail 1, no
potion heal 1
a: Renounce Religion, Shadow Step, Shadow Form


You were in the Dungeon.
You worshipped Dithmenos.
Dithmenos was exalted by your worship.
You visited 1 branch You collected 32 gold pieces.

Inventory:

Jewellery
 f - a +6 ring of strength (right paw)
 h - a +3 ring of evasion (left paw)
 k - a +3 ring of intelligence
 n - a ring of poison resistance
 o - a ring of fire
 p - the amulet "Rumpebb" {Acrobat -Cast rC- Str+8 Stlth+}
   (You found it in the Dungeon)

   [amulet of the acrobat]

   It increases your evasion while moving and waiting.
   Str:       It affects your strength (+8).
   rC:        It makes you vulnerable to cold.
   -Cast:     It prevents spellcasting.
   Stlth:     It makes you more stealthy.
 q - a ring of protection from fire
 t - a ring of flight
Scrolls
 b - 5 scrolls of butterflies
 i - 5 scrolls of amnesia
 j - a scroll of summoning
 l - a scroll of identify
 m - 2 scrolls of fear
 r - a scroll of magic mapping
Potions
 a - a potion of ambrosia
 c - a potion of curing
 d - 4 potions of haste
 e - 4 potions of magic


   Skills:
 * Level 19.5 Fighting
 + Level 24.4 Dodging
 - Level 14.0 Stealth
 * Level 22.4 Unarmed Combat
 + Level 13.4 Spellcasting
 * Level 10.6 Conjurations
 + Level 2.3 Hexes
 + Level 8.9 Transmutations
 - Level 4.2 Invocations


You had 17 spell levels left.
You knew the following spells:

 Your Spells              Type           Power      Damage    Failure   Level
a - Orb of Destruction    Conj           15%        9d7       67%         7
b - Dazzling Flash        Conj/Hex       42%        N/A       1%          3
c - Iskenderun's Mystic   Conj/Tloc      19%        2d6       10%         4
d - Starburst             Conj/Fire      9%         6d5       83%         6

Your spell library contained the following spells:

 Spells                   Type           Power      Damage    Failure   Level
 Summon Guardian Golem    Hex/Summ       9%         N/A       17%         3
 Spellforged Servitor     Conj/Summ      9%         N/A       100%        7


Dungeon Overview and Level Annotations

Branches:
Dungeon (1/1)

Altars:
Ashenzari
Cheibriados
Dithmenos
Elyvilon
Fedhas
Gozag
Hepliaklqana
Kikubaaqudgha
Makhleb
Nemelex Xobeh
Okawaru
Qazlal
Ru
Sif Muna
Trog
Uskayaw
Vehumet
Wu Jian
Xom
Yredelemnul
Zin
The Shining One
Jiyva
Lugonu


Innate Abilities, Weirdness & Mutations

You have sharp claws.
You have razor-sharp teeth.
You have supernaturally acute eyesight. (SInv)
You cover ground quickly. (Speed+)
Your thick and shaggy fur keeps you warm. (AC +3, rC+)
Your paws help you pounce on unaware monsters.
You are incapable of wielding weapons or throwing items.
You cannot wear armour.
You gain extra lives every three experience levels.
You are agile. (Dex +4, Str/Int -1)
You are frail. (-10% HP)
Potions are less effective at restoring your health.


Message History

Found a book of Hexes.
There is a huge open gate to the Coven (Very Hard) here.
Aiming: Shadow Step
Press: ? - help, Dir - move target, f - white draconian
Aim: a white draconian, wielding a +0 long sword (asleep, umbra)
You step into the white draconian's shadow.
A naga mage and a black draconian come into view.
Found three items.
The helpless white draconian fails to defend itself.
You eviscerate the white draconian!!!!!
You kill the white draconian!
Dithmenos accepts your kill.
Your Hexes skill increases to level 2!
Aiming: Shadow Step
Press: ? - help, Dir - move target, f - naga mage
Aim: a naga mage, wielding a +0 whip (asleep, umbra)
You step into the naga mage's shadow.
A deep elf annihilator, a nagaraja and a lich come into view.
Found Taemnuyn's Vellum of Vitriolic Transfiguration.
The helpless naga mage fails to defend itself.
You eviscerate the naga mage!!!!!
You kill the naga mage!
Dithmenos accepts your kill. The nagaraja spits poison at you.
The splash of poison hits you!
You are poisoned.
You hear a shout!
Unknown command.
You feel sick.
The black draconian roars!
You hear a shout!
A lich comes into view.
A wizard comes into view. It is wielding a +0 dagger.
You feel sick.
You feel sick.
You feel sick.
You feel sick.
The black draconian breathes lightning at you.
The bolt of lightning hits you!!!
Ouch! That really hurt!
You die...

....#....#.....#..#
..###....####..#..#
............'..#..#
.........####..#..#
...####..#.....#..#
...#..#..#[[#[[#..#
..##..'..#[[#[[#..#
################''#
####@'# #.....#
.....#..## ....
##.:# ... #).## .#
##.:# #.d:#
#...)..:# ##e.#..:#


You could see a black draconian (catching breath).

Vanquished Creatures
  An ancient lich (D)
  An Ice Fiend (D)
  A death cob (D)
  A nagaraja (D)
  Donald (D)
  Ilsuiw (D)
  A daeva (D)
  4 orc warlords (D)
  A ghost moth (D)
  A reaper (D)
  A war gargoyle (D)
  A red draconian (D)
  A white draconian (D)
  A dire elephant (D)
  An eidolon (D)
  A merfolk impaler (D)
  A fire dragon (D)
  A merfolk javelineer (D)
  A yaktaur captain (D)
  4 great orbs of eyes (D)
  A rakshasa (D)
  3 vault guards (D)
  2 catoblepae (D)
  A hydra (D)
  A boulder beetle (D)
  3 naga warriors (D)
  A vampire mage (D)
  An orc high priest (D)
  2 deep elf knights (D)
  A sea snake (D)
  A cherub (D)
  A bog body (D)
  10 orc knights (D)
  A wizard (D)
  7 harpies (D)
  A deep elf zephyrmancer (D)
  An orc sorcerer (D)
  A cyclops (D)
  An elephant (D)
  Maurice (D)
  A merfolk siren (D)
  A naga mage (D)
  2 eyes of devastation (D)
  A gargoyle (D)
  2 smoke demons (D)
  2 guardian serpents (D)
  3 black mambas (D)
  A molten gargoyle (D)
  2 kobold demonologists (D)
  An unseen horror (D)
  3 yaktaurs (D)
  A komodo dragon (D)
  An efreet (D)
  A freezing wraith (D)
  A wandering mushroom (D)
  An ice devil (D)
  A troll (D)
  A guardian mummy (D)
  A tyrant leech (D)
  A snapping turtle (D)
  7 dream sheep (D)
  2 shadows (D)
  A vampire (D)
  A spriggan (D)
  A spriggan (shapeshifter) (D)
  A steam dragon (D)
  Menkaure (D)
  2 neqoxecs (D)
  2 wargs (D)
  3 redbacks (D)
  5 vampire mosquitoes (D)
  5 hell hounds (D)
  A water moccasin (D)
  A floating eye (D)
  3 orc warriors (D)
  A black bear (D)
  A black bear (shapeshifter) (D)
  A sky beast (D)
  An ogre (D)
  A small abomination (D)
  A bullfrog (D)
  An earth elemental (D)
  A gnoll bouda (D)
  4 iron imps (D)
  7 orc priests (D)
  Jessica (D)
  An iguana (D)
  4 orc wizards (D)
  An adder (D)
  6 gnolls (D)
  A river rat (D)
  A worm (D)
  14 orcs (D)
  An endoplasm (D)
  A giant cockroach (D)
  2 jackals (D)
  A kobold (D)
  A quokka (D)
  A ball python (D)
  A ball python simulacrum (D)
  A ball python skeleton (D)
  2 bats (D)
190 creatures vanquished.

Vanquished Creatures (others)
  A harpy (D)
  A hell rat (D)
  An orc (D)
3 creatures vanquished.

Grand Total: 193 creatures vanquished

Notes
Turn   | Place    | Note
-------+----------+-------------------------------------------
     0 | D        | Groucho the Felid Monk began the quest for the Orb.
     0 | D        | Reached XP level 1. HP: 10/10 MP: 2/2
    37 | D        | Found a bloodstained altar of Trog.
    37 | D        | Found a shimmering blue altar of Sif Muna.
    37 | D        | Found a viscous altar of Jiyva.
    37 | D        | Found a hazy altar of Hepliaklqana.
    37 | D        | Found an opulent altar of Gozag.
    38 | D        | Found a glowing golden altar of the Shining One.
    38 | D        | Found a glowing silver altar of Zin.
    38 | D        | Found a basalt altar of Yredelemnul.
    38 | D        | Found a shimmering altar of Xom.
    38 | D        | Found an ornate altar of the Wu Jian Council.
    38 | D        | Found a sacrificial altar of Ru.
    38 | D        | Found a stormy altar of Qazlal.
    38 | D        | Found an iron altar of Okawaru.
    38 | D        | Found a sparkling altar of Nemelex Xobeh.
    38 | D        | Found a burning altar of Makhleb.
    38 | D        | Found a blossoming altar of Fedhas.
    38 | D        | Found a white marble altar of Elyvilon.
    38 | D        | Found a shadowy altar of Dithmenos.
    38 | D        | Found a snail-covered altar of Cheibriados.
    42 | D        | Found a corrupted altar of Lugonu.
    42 | D        | Found a radiant altar of Vehumet.
    43 | D        | Found a broken altar of Ashenzari.
    43 | D        | Found an ancient bone altar of Kikubaaqudgha.
    43 | D        | Found a hide-covered altar of Uskayaw.
    48 | D        | Became a worshipper of Dithmenos the Shadowed
    48 | D        | Reached * piety under Dithmenos
    48 | D        | Reached ** piety under Dithmenos
    80 | D        | Reached XP level 2. HP: 15/15 MP: 3/3
   186 | D        | Reached skill level 5 in Dodging
   189 | D        | Reached *** piety under Dithmenos
   193 | D        | Noticed a floating eye
   206 | D        | Paralysed by a floating eye for 3 turns
   214 | D        | Paralysed by a floating eye for 4 turns
   220 | D        | Killed a floating eye
   221 | D        | Reached skill level 5 in Fighting
   221 | D        | Reached skill level 7 in Dodging
   221 | D        | Reached skill level 5 in Unarmed Combat
   221 | D        | Reached XP level 3. HP: 19/19 MP: 4/4
   221 | D        | Reached XP level 4. HP: 23/23 MP: 5/5
   238 | D        | Reached **** piety under Dithmenos
   273 | D        | Noticed a black bear
   274 | D        | Noticed an orc warrior
   298 | D        | Killed a black bear
   299 | D        | Reached skill level 8 in Dodging
   299 | D        | Reached XP level 5. HP: 22/28 MP: 6/6
   303 | D        | Killed an orc warrior
   303 | D        | Reached ***** piety under Dithmenos
   304 | D        | Reached skill level 9 in Dodging
   304 | D        | Gained mutation: You are covered in thick fur. (AC +2)
                  | [Felid growth]
   304 | D        | Reached XP level 6. HP: 26/33 MP: 7/7
   306 | D        | Reached skill level 10 in Stealth
   323 | D        | Reached skill level 10 in Dodging
   338 | D        | Noticed a water moccasin
   340 | D        | Killed a water moccasin
   341 | D        | Reached XP level 7. HP: 34/37 MP: 8/8
   342 | D        | Noticed a redback
   344 | D        | Killed a redback
   345 | D        | Reached skill level 11 in Dodging
   346 | D        | Noticed Menkaure
   348 | D        | Reached ****** piety under Dithmenos
   360 | D        | Killed Menkaure
   773 | D        | Noticed a deep elf zephyrmancer
   773 | D        | Noticed a troll
   777 | D        | Killed a troll
   778 | D        | Reached skill level 12 in Dodging
   778 | D        | Reached XP level 8. HP: 42/42 MP: 9/9
   779 | D        | Killed a deep elf zephyrmancer
   780 | D        | Reached skill level 10 in Fighting
   780 | D        | Reached skill level 13 in Dodging
   780 | D        | Reached skill level 10 in Unarmed Combat
   861 | D        | Noticed an orc high priest
   862 | D        | Noticed a guardian mummy
   876 | D        | Noticed a smoke demon
   914 | D        | Killed an orc high priest
   915 | D        | Reached skill level 14 in Dodging
   915 | D        | Reached XP level 9. HP: 21/47 MP: 9/12
  1426 | D        | Noticed Maurice
  1628 | D        | Noticed an orc sorcerer
  1628 | D        | Noticed an eidolon
  1628 | D        | Noticed a gargoyle
  1628 | D        | Noticed Jessica
  1629 | D        | Killed Maurice
  1630 | D        | Reached skill level 1 in Spellcasting
  1678 | D        | Killed a gargoyle
  1714 | D        | Killed a guardian mummy
  1715 | D        | Reached skill level 15 in Dodging
  2106 | D        | Killed Jessica
  2137 | D        | Noticed a guardian serpent
  2150 | D        | Killed an orc sorcerer
  2156 | D        | Killed an eidolon
  2157 | D        | Reached XP level 10. HP: 10/54 MP: 14/17
  2158 | D        | Killed a guardian serpent
  2175 | D        | Reached skill level 16 in Dodging
  2175 | D        | Reached skill level 5 in Spellcasting
  2186 | D        | Noticed an orc knight
  2614 | D        | Noticed a great orb of eyes
  2619 | D        | Killed a great orb of eyes
  2638 | D        | Noticed a smoke demon
  2641 | D        | Noticed a black mamba
  2641 | D        | Noticed a ghost moth
  2642 | D        | Killed a smoke demon
  2643 | D        | Noticed a nagaraja
  2644 | D        | Killed a black mamba
  2646 | D        | Killed a ghost moth
  2647 | D        | Reached skill level 15 in Unarmed Combat
  2647 | D        | Killed a nagaraja
  2648 | D        | Reached skill level 17 in Dodging
  2648 | D        | Reached XP level 11. HP: 50/58 MP: 12/22
  2727 | D        | Killed an orc knight
  2748 | D        | Noticed a boulder beetle
  2870 | D        | Reached skill level 18 in Dodging
  2890 | D        | Killed a boulder beetle
  3625 | D        | Noticed a great orb of eyes
  3629 | D        | Killed a great orb of eyes
  3657 | D        | Reached skill level 19 in Dodging
  3659 | D        | Reached skill level 15 in Fighting
  4106 | D        | Noticed a sea snake
  4109 | D        | Killed a sea snake
  4110 | D        | Gained mutation: Your thick and shaggy fur keeps you warm.
                  | (AC +3, rC+) [Felid growth]
  4110 | D        | Reached XP level 12. HP: 65/65 MP: 26/26
  4152 | D        | Noticed an orc warlord
  4159 | D        | Noticed an orc warlord
  4170 | D        | Noticed a daeva
  4203 | D        | Gained mutation: You occasionally lose the ability to drink
                  | potions when taking damage. [potion of mutation]
  4203 | D        | Gained mutation: You are frail. (-10% HP) [potion of
                  | mutation]
  4203 | D        | Gained mutation: You are partially covered in iridescent
                  | scales. (AC +2) [potion of mutation]
  4204 | D        | Lost mutation: You are partially covered in iridescent
                  | scales. (AC +2) [potion of mutation]
  4204 | D        | Lost mutation: You are frail. (-10% HP) [potion of
                  | mutation]
  4204 | D        | Lost mutation: You occasionally lose the ability to drink
                  | potions when taking damage. [potion of mutation]
  4204 | D        | Gained mutation: You are agile. (Dex +4, Str/Int -1)
                  | [potion of mutation]
  4226 | D        | Killed an orc warlord
  4580 | D        | Reached skill level 10 in Spellcasting
  4596 | D        | Noticed a naga warrior
  4658 | D        | Killed a naga warrior
  4666 | D        | Noticed a catoblepas
  4681 | D        | Killed a catoblepas
  4720 | D        | Killed an orc warlord
  4721 | D        | Reached skill level 20 in Dodging
  4923 | D        | Noticed a vault guard
  4931 | D        | Killed a vault guard
  5280 | D        | HP: 2/66 [daeva/+3 scimitar of holy wrath (9)]
  5283 | D        | Killed a daeva
  5921 | D        | Reached skill level 1 in Conjurations
  5970 | D        | Reached skill level 1 in Transmutations
  5978 | D        | Learned a level 7 spell: Orb of Destruction
  6234 | D        | Noticed a yaktaur captain
  6247 | D        | Killed a yaktaur captain
  6248 | D        | Reached skill level 21 in Dodging
  6251 | D        | Noticed a vault guard
  6430 | D        | Killed a vault guard
  6431 | D        | Reached XP level 13. HP: 33/71 MP: 29/29
  6707 | D        | Noticed a war gargoyle
  6818 | D        | Killed a war gargoyle
  7696 | D        | Found the +3 pair of seven-league boots {Rampage+∞}
  7855 | D        | Noticed a red draconian
  7855 | D        | Noticed an orc warlord
  7856 | D        | Noticed Ilsuiw
  7856 | D        | Noticed a merfolk impaler
  7856 | D        | Noticed a merfolk javelineer
  7858 | D        | Reached skill level 5 in Conjurations
  7858 | D        | Killed Ilsuiw
  7860 | D        | Killed a red draconian
  7899 | D        | Killed a merfolk impaler
  7900 | D        | Reached skill level 22 in Dodging
  8141 | D        | Killed a merfolk javelineer
  8142 | D        | Reached skill level 5 in Transmutations
  8228 | D        | Killed an orc warlord
  8618 | D        | Got the amulet "Rumpebb" {Acrobat -Cast rC- Str+8 Stlth+}
  8749 | D        | Noticed an orc warlord
  8803 | D        | HP: 3/73 [orc warlord/+0 battleaxe (37)]
  8805 | D        | Annihilated by an orc warlord
  8806 | D        | Reached XP level 12. HP: -27/69 MP: 29/29
  8925 | D        | Noticed an Ice Fiend
  8928 | D        | Killed an Ice Fiend
  8929 | D        | Reached skill level 23 in Dodging
  8956 | D        | Noticed a reaper
  8958 | D        | Killed a reaper
  8960 | D        | Noticed an ancient lich
  8962 | D        | Killed an ancient lich
  8963 | D        | Reached XP level 13. HP: 74/74 MP: 30/30
  9051 | D        | Killed an orc warlord
  9428 | D        | Identified the +5 glaive "Ytuaf" {flame, *Noise rElec rC+}
  9550 | D        | Noticed Donald
  9584 | D        | Mangled by a harpy
  9585 | D        | Reached XP level 12. HP: -8/70 MP: 30/30
  9608 | D        | Noticed a fire dragon
  9608 | D        | Noticed a death cob
  9610 | D        | Noticed a dire elephant
  9618 | D        | Killed a dire elephant
  9619 | D        | Reached skill level 24 in Dodging
  9624 | D        | Killed a death cob
  9625 | D        | Reached skill level 10 in Conjurations
  9626 | D        | Gained mutation: You are frail. (-10% HP) [a neqoxec]
  9628 | D        | Gained mutation: Potions are less effective at restoring
                  | your health. [a neqoxec]
  9629 | D        | Killed a fire dragon
  9676 | D        | Killed an eight-headed hydra
  9680 | D        | Noticed a great orb of eyes
  9685 | D        | Killed a great orb of eyes
  9731 | D        | Learned a level 3 spell: Dazzling Flash
  9736 | D        | Learned a level 4 spell: Iskenderun's Mystic Blast
  9743 | D        | Learned a level 6 spell: Starburst
  9856 | D        | Killed Donald
  9857 | D        | Reached skill level 1 in Hexes
 10173 | D        | Noticed a white draconian
 10175 | D        | Noticed a sphinx
 10176 | D        | Noticed a black draconian
 10177 | D        | Killed a white draconian
 10178 | D        | Noticed a deep elf annihilator
 10178 | D        | Noticed a nagaraja
 10178 | D        | Noticed a lich
 10180 | D        | Noticed a lich
 10185 | D        | Killed from afar by a black draconian

Illustrated notes

Levels and vault maps discovered:
D:        pitsprint [storerooms_1, entrance_room_1, metal_vault_3, armoury_1,
          mini_pit_1, grid_room_1, main_hall_1, silver_pit, the_coven_3,
          the_vestibule_1, steel_vault_2, golden_pit, hallway_of_sentries,
          crystal_vault_4, iron_vault_1, final_vault]

Skill      XL: |  1  2  3  4  5  6  7  8  9 10 11 12 13 |
---------------+----------------------------------------+-----
Stealth        | 4 7 8 9 11 12 14 | 14.0
Dodging        | 7 8 9 10 12 14 15 17 19 24 22 | 24.4
Fighting       | 5 6 7 8 9 10 12 13 15 19 18 | 19.5
Unarmed Combat | 5 6 7 8 9 10 13 15 18 22 21 | 22.4
Invocations    | 3 4 |  4.2
Spellcasting   | 4 7 9 11 13 | 13.4
Conjurations   | 10 7 | 10.6
Transmutations | 8 6 |  8.9
Hexes          | 2 |  2.3

Action                   |  1- 3 |  4- 6 |  7- 9 | 10-12 | 13-15 || total
-------------------------+-------+-------+-------+-------+-------++-------
Melee: Unarmed           |    21 |    36 |    96 |   375 |   181 ||   709
       Punch             |     1 |       |     6 |    64 |    29 ||   100
       Bite              |     1 |     3 |    13 |    58 |    23 ||    98
Invok: Shadow Step       |       |       |     1 |    10 |       ||    11
Evoke: Wand              |       |       |       |     2 |     3 ||     5
  Use: Potion            |     3 |     1 |     6 |    16 |    11 ||    37
       Scroll            |       |       |       |       |     1 ||     1
 Stab: Sleeping          |     3 |     1 |     7 |    24 |     3 ||    38
       Invisible         |     1 |     7 |       |       |       ||     8
       Distracted        |       |     1 |     1 |     6 |     3 ||    11
Armor: Skin              |     2 |     1 |     2 |     3 |     1 ||     9
Dodge: Dodged            |    13 |    29 |    47 |   313 |   225 ||   627
